 Dungeon Crawl Stone Soup version 0.32-a0-711-g016ad743e0 (webtiles) character file.

Game seed: 8538451675924378284

883 kae the Carver (level 8, 0/56 HPs)
             Began as a Coglin Gladiator on Mar 15, 2024.
             Was an Initiate of Okawaru.
             Slain by an ogre
             ... wielding a +0 giant spiked club
              (25 damage)
             ... on level 5 of the Dungeon.
             The game lasted 00:02:59 (3827 turns).

kae the Carver (Coglin Gladiator)                   Turns: 3827, Time: 00:02:59

Health: 0/56       AC:  9    Str: 14    XL:     8   Next: 5%
Magic:  8/8        EV: 11    Int:  8    God:    Okawaru [......]
Gold:   301        SH:  0    Dex: 18    Spells: 7/7 levels left

rFire   . . .        a - +0 long sword {Doyun}
rCold   . . .        t - +0 short sword (speed) {Conrad}
rNeg    . . .        b - +1 leather armour
rPois   .            y - +2 hat
rElec   .            (no cloak)
rCorr   .            (no gloves)
SInv    .            m - +2 pair of boots
Will    .....        (amulet unavailable)
Stlth   +            (ring unavailable)
HPRegen 0.29/turn    (ring unavailable)
MPRegen 0.11/turn    (no gizmo)

%: no passive effects
@: revved
A: off-hand wielding, slow wielding, warmup strikes, no jewellery
a: Invent Gizmo, Renounce Religion


You were on level 5 of the Dungeon.
You worshipped Okawaru.
Okawaru was noncommittal.
You visited 2 branches of the dungeon, and saw 6 of its levels.

You collected 301 gold pieces.


Innate Abilities, Weirdness & Mutations

You can wield a second weapon in your off-hand.
It takes a long time for you to wield or remove held weapons.
Your first few attacks do less damage.
You cannot equip rings or amulets.


   Skills:
 - Level 2.0 Fighting
 + Level 9.4 Long Blades
 - Level 1.7 Throwing
 - Level 2.6 Dodging


You had 7 spell levels left.
You didn't know any spells.
Your spell library contained the following spells:

 Spells                   Type           Power      Damage    Failure   Level
 Kiss of Death            Conj/Necr      0%         2d5       50%         1
 Blink                    Tloc           0%         N/A       63%         2
 Lesser Beckoning         Tloc           0%         N/A       63%         2
 Momentum Strike          Conj/Tloc      0%         3d8       63%         2
 Scorch                   Fire           0%         2d5       63%         2
 Static Discharge         Conj/Air       0%         3-3/arc   63%         2
 Confusing Touch          Hex            0%         N/A       86%         3
 Dazzling Flash           Conj/Hex       0%         N/A       86%         3
 Mephitic Cloud           Conj/Alch/Air  0%         N/A       86%         3
 Airstrike                Air            0%         2d(0-16)  99%         4
 Dispel Undead            Necr           0%         3d6       99%         4
 Flame Wave               Conj/Fire      0%         2d4       99%         4
 Curse of Agony           Necr           0%         N/A       100%        5
 Silence                  Hex/Air        0%         N/A       100%        5
 Summon Lightning Spire   Summ/Air       Unusable   N/A       N/A         4
 Summon Cactus Giant      Summ           Unusable   N/A       N/A         6

Inventory:

Hand Weapons
 a - a +0 long sword (weapon) {Doyun}
 f - a +0 dagger {TomΓ‘s}
 t - a +0 short sword of speed (offhand) {Conrad}
   (You took it off a kobold on level 2 of the Dungeon)
Missiles
 d - 3 throwing nets (quivered) {=f!f}
 e - 6 javelins
 k - 87 stones
 A - 6 poisoned darts
Armour
 b - a +1 leather armour (worn)
 c - a +0 helmet
 m - a +2 pair of boots (worn)
   (You found it on level 2 of the Dungeon)
 y - a +2 hat (worn)
   (You found it on level 4 of the Dungeon)
Magical Staves
 j - a staff of alchemy {!a}
   (You found it on level 1 of the Dungeon)
 x - a staff of alchemy {!a}
   (You found it on level 3 of the Dungeon)
Jewellery
 F - a ring of fire
   (You found it on level 4 of the Dungeon)
 I - a +6 ring of intelligence
   (You took it off a kobold on level 2 of the Dungeon)
 Z - a ring of wizardry
   (You found it on level 4 of the Dungeon)
Scrolls
 h - 2 scrolls of teleportation {@r4}
 l - 2 scrolls of enchant armour
Potions
 g - a potion of lignification {unknown}
 i - 2 potions of mutation {unknown}
 o - 5 potions of curing {@q1}
 p - a potion of attraction {unknown}
 s - 2 potions of haste {unknown}
 u - a potion of heal wounds {unknown}
 z - 2 potions of might
 C - a potion of resistance {unknown}
 E - 5 potions of enlightenment {unknown}

Dungeon Overview and Level Annotations

Branches:
Dungeon (5/15) Zot: 26297  Temple (1/1) D:5 Zot: 5919

Altars:
Cheibriados
Dithmenos
Elyvilon
Gozag
Hepliaklqana
Makhleb
Nemelex Xobeh
Okawaru
Qazlal
Ru
Trog
Vehumet
Yredelemnul
Zin
The Shining One

Shops:
D:1

[ *,* #.....# ******,**
#.....# *,,,,,,,* #.....#####
*,,,,,,,* #.........#
*,,,,,,,* #.........#
*,,,,,,,* ##....[...#
*,,,,,,,* #........#
*,,,,,..###########........#
*,,,,,..>...)@....#........###
*,,,,,.....)O.................
*,,,,,...############.########
*,,,,,.,,* #.........
*,,,,,,,,* #.........
******+*,* #......... *,*,*
#......... *,*,*
#######......... *,,,*
#...............


You could see an ogre.


Message History

No target in view!
No target in view!
You open the door.
A gnoll comes into view. It is wielding a +0 club.
A gnoll is nearby!
A gnoll is nearby!
The gnoll hits you but does no damage.
You hit the gnoll with your +0 short sword of speed.
You barely miss the gnoll with your +0 long sword.
A gnoll is nearby!
You hit the gnoll with your +0 long sword.
You hit the gnoll with your +0 short sword of speed.
The gnoll hits you but does no damage.
You hit the gnoll but do no damage. x2; The gnoll misses you.
A gnoll is nearby!
You hit the gnoll but do no damage.
You hit the gnoll with your +0 short sword of speed.
You hit the gnoll but do no damage.
You closely miss the gnoll with your +0 short sword of speed.
The gnoll hits you with a +0 club. πŸ˜• HP[-1]
You take 1 damage, and now have 49/50 hp.
A gnoll is nearby!
You hit the gnoll with your +0 short sword of speed.
You kill the gnoll!
Okawaru accepts your kill.
A gnoll comes into view. It is wielding a +0 spear.
You have reached level 8!
You feel agile. πŸ˜• HP[+6] MP[+1]
You now have 56 max hp (+6).
You regained 6 hp, and now have 55/56 hp.
Your mp is fully restored (8).
The gnoll shouts!
The gnoll closely misses you.
A gnoll is nearby! 😎 HP[+1]
Your hp is fully restored (56).
A gnoll is nearby!
You slash the gnoll with your +0 long sword!
You kill the gnoll!
Okawaru accepts your kill.
No target in view!
Things that are here:
a +0 spear; a +0 hand axe; a gnoll corpse Key pressed, stopping explore.
No target in view!
No target in view!
You see here an orb of guile.
No target in view!
No target in view!
You pick up a book of Touch and begin reading...
You add the spells Kiss of Death, Confusing Touch and Dispel Undead to your library.
No target in view!
No target in view!
l - 2 scrolls of enchant armour (gained 1)
You now have 301 gold pieces (gained 6).
Ijyb the Inquisitive comes into view.
She is wielding a +0 club, wearing a +1 scale mail of cold resistance and carrying a wand of mindburst.
Found a stone staircase leading down.
Ijyb shouts!
Ijyb is nearby!
Ijyb is nearby!
An ogre comes into view. It is wielding a +0 giant spiked club.
The ogre shouts!
Ijyb zaps a wand.
Your mind is blasted! πŸ˜• HP[-6]
You take 6 damage, and now have 50/56 hp.
You barely miss Ijyb with your +0 short sword of speed.
You closely miss Ijyb with your +0 long sword. πŸ˜• HP[+1] Unknown command.
You closely miss Ijyb with your +0 short sword of speed.
You hit Ijyb with your +0 long sword. Ijyb misses you.
You hit Ijyb but do no damage.
You closely miss Ijyb with your +0 long sword.
Ijyb barely misses you.
Unknown command.
You slash Ijyb with your +0 long sword!
You closely miss Ijyb with your +0 short sword of speed.
Ijyb hits you but does no damage.
Unknown command.
You hit Ijyb with your +0 short sword of speed.
You hit Ijyb with your +0 long sword.
Unknown command.
You hit Ijyb but do no damage. You slash Ijyb with your +0 long sword!
You kill Ijyb!
Okawaru accepts your kill.
The ogre hits you with a +0 giant spiked club!!
* * * LOW HITPOINT WARNING * * *
😨 HP[-26]
You take 26 damage, and now have 25/56 hp.
MASSIVE DAMAGE!! (PAUSE)
You hit the ogre with your +0 short sword of speed.
You hit the ogre but do no damage.
Unknown command.
You hit the ogre with your +0 short sword of speed.
You slash the ogre with your +0 long sword!
The ogre hits you with a +0 giant spiked club!!
You die...

Skill      XL: |  1  2  3  4  5  6  7 |
---------------+----------------------+-----
Long Blades    | 4 5 6 7 9 |  9.4
Fighting       | |  2.0
Throwing       | |  1.7
Dodging        | |  2.6

Action                     |  1- 3 |  4- 6 |  7- 9 || total
---------------------------+-------+-------+-------++-------
  Melee: Long sword        |    69 |   168 |    89 ||   326
         Dagger            |    62 |    36 |       ||    98
         Short sword       |       |   117 |    88 ||   205
    Use: Scroll            |       |       |    11 ||    11
   Stab: Sleeping          |     1 |     1 |     2 ||     4
 Armour: Leather armour    |    62 |    80 |    43 ||   185
  Dodge: Dodged            |    64 |    89 |    39 ||   192

Levels and vault maps discovered:
D:1:      elethiomel_arrival_quiet, layout_basic, serial_shops, shop
D:2:      layout_rooms
D:3:      layout_loops_ring, nicolae_ru_the_path_less_chosen,
          kennysheep_doodads, st_stairs_1, guppyfry_early_orc_mine
D:4:      layout_basic, dk_rats_in_the_wall
D:5:      layout_basic, nicolae_overflow_hidden_temple,
          nicolae_uskayaw_suspiria, minmay_temple_entry_antechambers, uniq_ijyb
Temple:   hellmonk_temple_micro_hex

Notes
Turn   | Place    | Note
-------+----------+-------------------------------------------
     0 | D:1      | kae the Coglin Gladiator began the quest for the Orb.
     0 | D:1      | Reached XP level 1. HP: 16/16 MP: 1/1
     0 | D:1      | magus.rc [v1.11.3]
    88 | D:1      | Found Hutugi's Antique Armour Shoppe.
   117 | D:1      | Reached XP level 2. HP: 22/22 MP: 2/2
   159 | D:1      | You pick up a book of the Senses and begin reading...
   159 | D:1      | You add the spells Dazzling Flash, Mephitic Cloud, Curse of
                  | Agony and Silence to your library.
   739 | D:1      | Reached skill level 4 in Long Blades
   803 | D:2      | Reached XP level 3. HP: 27/27 MP: 3/3
  1043 | D:2      | Reached XP level 4. HP: 30/33 MP: 4/4
  1164 | D:2      | You pick up a book of Scorching and begin reading...
  1164 | D:2      | You add the spells Scorch, Flame Wave and Summon Cactus
                  | Giant to your library.
  1171 | D:2      | Reached skill level 5 in Long Blades
  1669 | D:3      | You pick up a book of Storms and begin reading...
  1669 | D:3      | You add the spells Static Discharge, Airstrike and Summon
                  | Lightning Spire to your library.
  2031 | D:3      | Reached XP level 5. HP: 38/38 MP: 5/5
  2208 | D:3      | Found a sacrificial altar of Ru.
  2383 | D:4      | Noticed a phantom
  2392 | D:4      | Killed a phantom
  2393 | D:4      | Reached skill level 6 in Long Blades
  2393 | D:4      | Reached XP level 6. HP: 36/44 MP: 6/6
  2577 | D:4      | Reached skill level 7 in Long Blades
  2686 | D:4      | You pick up a book of Spatial Translocations and begin
                  | reading...
  2686 | D:4      | You add the spells Blink, Momentum Strike and Lesser
                  | Beckoning to your library.
  2775 | D:4      | HP: 9/44 [orc/+0 falchion (4)]
  2926 | D:4      | Reached XP level 7. HP: 50/50 MP: 7/7
  3021 | D:4      | Reached skill level 8 in Long Blades
  3165 | D:5      | Entered Level 5 of the Dungeon
  3413 | D:5      | Found a sparkling altar of Nemelex Xobeh.
  3415 | D:5      | Found a glowing silver altar of Zin.
  3442 | D:5      | Found a radiant altar of Vehumet.
  3444 | D:5      | Found a glowing golden altar of the Shining One.
  3473 | D:5      | Found a staircase to the Ecumenical Temple.
  3491 | Temple   | Entered the Ecumenical Temple
  3566 | Temple   | Became a worshipper of Warmaster Okawaru
  3646 | D:5      | Reached skill level 9 in Long Blades
  3777 | D:5      | Reached XP level 8. HP: 55/56 MP: 8/8
  3801 | D:5      | You pick up a book of Touch and begin reading...
  3801 | D:5      | You add the spells Kiss of Death, Confusing Touch and
                  | Dispel Undead to your library.
  3815 | D:5      | Noticed Ijyb
  3825 | D:5      | Killed Ijyb
  3827 | D:5      | Slain by an ogre

Vanquished Creatures
  An ice beast (D:5)
  A phantom (D:4)
  A bullfrog (D:5)
  3 scorpions
  2 bombardier beetles (D:4)
  A jelly (D:5)
  An orc priest (D:4)
  Ijyb (D:5)
  An iguana (D:5)
  A sleepcap (D:4)
  An orc wizard (D:4)
  7 gnolls (D:5)
  7 adders
  2 ufetubi (D:5)
  A ribbon worm (D:4)
  A dart slug (D:2)
  13 orcs
  7 bats
  4 giant cockroaches
  7 hobgoblins
  3 jackals (D:1)
  6 quokkas
  9 ball pythons
  4 frilled lizards
  9 goblins
  9 kobolds
  5 rats
108 creatures vanquished.

Table legend:
 A = Non-vault XP
 B = Vault XP
 C = Vault XP percentage of total XP
 D = Non-vault monster count
 E = Vault monster count
 F = Vault count percentage of total count
                 A         B        C        D         E       F
            +---------+---------+-------+---------+---------+-------
      Total |    1205 |      57 |   4.5 |      98 |      10 |   9.3
            +---------+---------+-------+---------+---------+-------
        D:1 |      40 |       0 |   0.0 |      24 |       0 |   0.0
        D:2 |      97 |       0 |   0.0 |      24 |       0 |   0.0
        D:3 |      18 |      21 |  53.8 |      10 |       9 |  47.4
        D:4 |     544 |       0 |   0.0 |      25 |       0 |   0.0
        D:5 |     506 |      36 |   6.6 |      15 |       1 |   6.2
            +---------+---------+-------+---------+---------+-------

Skill      XL: |  1  2  3  4  5  6  7 |
---------------+----------------------+-----
Long Blades    | 4 5 6 7 9 |  9.4
Fighting       | |  2.0
Throwing       | |  1.7
Dodging        | |  2.6

Action                     |  1- 3 |  4- 6 |  7- 9 || total
---------------------------+-------+-------+-------++-------
  Melee: Long sword        |    69 |   168 |    89 ||   326
         Dagger            |    62 |    36 |       ||    98
         Short sword       |       |   117 |    88 ||   205
    Use: Scroll            |       |       |    11 ||    11
   Stab: Sleeping          |     1 |     1 |     2 ||     4
 Armour: Leather armour    |    62 |    80 |    43 ||   185
  Dodge: Dodged            |    64 |    89 |    39 ||   192

Illustrated notes

Table legend:
 A = Kills in this place as a percentage of kills in the entire game.
 B = Kills by you in this place as a percentage of kills by you in the entire game.
 C = Kills by friends in this place as a percentage of kills by friends in the entire game.
 D = Other kills in this place as a percentage of other kills in the entire game.
 E = Experience gained in this place as a percentage of experience gained in the entire game.
 F = Experience gained in this place divided by the number of levels of this place that you have seen.
                   A       B       C       D       E      F
               +-------+-------+-------+-------+-------+----------------------
         Total | 100.0 | 100.0 |   N/A |   N/A | 100.0 | 210.3
       Dungeon | 100.0 | 100.0 |   N/A |   N/A | 100.0 | 252.4
               +-------+-------+-------+-------+-------+----------------------

Table legend: (Time is in decaauts)
 A = Elapsed time spent in this place.
 B = Non-inter-level travel time spent in this place.
 C = Inter-level travel time spent in this place.
 D = Time resting spent in this place.
 E = Time spent auto-exploring this place.
 F = Levels seen in this place.
 G = Mean time per level.
                   A        B        C        D        E       F      G
               +--------+--------+--------+--------+--------+-----+--------+
         Total |   3782 |   3610 |    172 |    267 |   2623 |   6 |  630.3 |
       Dungeon |   3702 |   3530 |    172 |    267 |   2553 |   5 |  740.4 |
        Temple |     80 |     80 |      0 |      0 |     70 |   1 |   80.0 |
               +--------+--------+--------+--------+--------+-----+--------+

Top non-repeatable levels by time:
     D:4: 915 daAuts
     D:1: 899 daAuts
     D:3: 843 daAuts
     D:5: 538 daAuts
     D:2: 504 daAuts
  Temple: 80 daAuts
